Unix NetHack Version 5.0.0-0 post-release - last build Jun 10 2026 00:39:30 (3ee93aec679c4c4259841fe613dc97188e26a321,branch:main).

Game began 2026-06-25 19:26:14, ended 2026-06-25 20:48:10.

CookieCarter, neutral male human Wizard

           -------
           |.....|                                                -----------
           |.....|                                                |.........|
          #..%....#                                              #-.........|
          #|.....|#                                              #|.........|
           |.....|#                                               |.........|
           -------#                                               -----------
                  #
                  #
                  #
  ---------#     ##
  |....*...#     #
  |.......|      @
  |...<...|      q
  ---------     ##.)
                   ...
                   ----

CookieCarter the Thaumaturge  St:3 Dx:18 Co:14 In:17 Wi:10 Ch:10  Neutral
Dlvl:9  $:1327 HP:0(43) Pw:67(74) AC:-5 Xp:7 T:3691  Burdened

Latest messages:
 You destroy the ettin mummy!
 Pick a monster, object or location.
 The kitten misses!
 The kitten misses!
 The kitten bites!
 You hit the kitten.
 The kitten misses!
 The kitten misses!
 The kitten misses!
 You hit the kitten.
 The kitten bites!
 The kitten misses!
 You kill the kitten!
 The dog bites!
 You miss the dog.
 The dog bites!
 The dog misses!
 The dog bites!
 You miss the dog.
 The dog misses!
 You hit the dog!
 The dog bites!
 The dog bites!
 You kill the dog!
 You are beginning to feel hungry.
 What do you want to eat? [wyCL or ?*] L
 Blecch!  Rotten food!
 You finish eating the food ration.
 Pick a monster, object or location.
 You hear someone counting gold coins.
 You miss the mumak.
 The mumak just misses!
 The mumak misses!
 You hit the mumak!
 The mumak butts!
 The mumak just misses!
 What do you want to eat? [wyC or ?*] <esc>
 Never mind.
 What do you want to wear? [*] <esc>
 Never mind.
 What do you want to write with? [- ac-enRS or ?*] -
 You write in the dust with your fingertip.
 What do you want to write in the dust here? Elbereth
 The mumak butts!
 You die...
 Do you want your possessions identified? [ynq] (y) y
 Do you want to see your attributes? [ynq] (y) y
 Do you want an account of creatures vanquished? [ynaq] (y) n
 Do you want to see your conduct and achievements? [ynq] (y) y
 Do you want to see the dungeon overview? [ynq] (y) n

Inventory:
 Coins    ('$')
  $ - 1327 gold pieces
 Amulets  ('"')
  M - an uncursed amulet of guarding (being worn)
 Weapons  (')')
  a - a blessed +1 quarterstaff (weapon in hands)
 Armor    ('[')
  p - an uncursed +0 cloak of magic resistance (being worn)
  v - a blessed greased rotproof +3 silver dragon scale mail (being worn)
 Comestibles  ('%')
  C - an uncursed pizza
  w - an uncursed clove of garlic
  y - an uncursed tripe ration
 Scrolls  ('?')
  P - a blessed scroll of light
  Q - an uncursed scroll of magic mapping
  j - an uncursed scroll of remove curse
 Spellbooks  ('+')
  r - an uncursed spellbook of dig
  A - an uncursed spellbook of extra healing
  l - a blessed spellbook of force bolt
  F - an uncursed spellbook of haste self
  m - an uncursed spellbook of healing
 Potions  ('!')
  G - an uncursed potion of healing
  H - a cursed potion of healing
 Rings    ('=')
  e - an uncursed +2 ring of increase accuracy
  R - a cursed ring of polymorph
  d - an uncursed ring of protection from shape changers (on right hand)
 Wands    ('/')
  c - a wand of light (0:13)
  S - a wand of magic missile (0:4)
 Tools    ('(')
  o - an uncursed blindfold
  n - a magic marker (0:21)
  b - an uncursed mirror
  K - an uncursed tin opener

CookieCarter the Wizard's attributes:

Background:
 You were a Thaumaturge, a level 7 male human Wizard.
 You were neutral, nominally on a mission for Thoth
 who was opposed by Ptah (lawful) and Anhur (chaotic).
 You were right-handed.
 You were in the Dungeons of Doom, on level 9.
 You entered the dungeon 3691 turns ago.
 You had 893 experience points, 387 more were needed to attain level 8.

Basics:
 You had 0 out of 43 hit points.
 You had 67 out of 74 energy points (spell power).
 Your armor class was -5.
 Your wallet contained 1327 zorkmids.
 Autopickup was off.

Final Characteristics:
 Your strength was 3 (peak:11, limit:18/100).
 Your dexterity was 18 (limit:18).
 Your constitution was 14 (limit:18).
 Your intelligence was 17 (limit:18).
 Your wisdom was 10 (limit:18).
 Your charisma was 10 (limit:18).

Final Status:
 You weren't hungry.
 You were burdened; movement was slightly slowed.
 You were wielding a quarterstaff.
 You were skilled in quarterstaff.

Final Attributes:
 You were piously aligned.
 You were magic-protected.
 You were poison resistant.
 You could teleport.
 You had a small defense bonus (+2).
 You were protected.
 You were protected from shape changers.
 You had reflection.
 You were unlucky.
 You are dead.

Miscellaneous:
 You encountered 2 bones levels.
 Total elapsed playing time was 1 hour, 18 minutes and 30 seconds.

Major events:
 Turn
    1: CookieCarter the neutral male human Wizard entered the dungeon
  166: made his first wish - "blessed fixed greased +3 silver dragon scale mail", got "a greased silver dragon scale mail"
 1257: entered the Gnomish Mines
 1427: attained the rank of Conjurer (level 3)
 1854: entered Sokoban
 2339: attained the rank of Thaumaturge (level 6)
 3691: killed by a mumak

Spells:
 Name                 Level Category     Fail Retention
 force bolt             1   attack         0%   81%-90%
 healing                1   healing        0%  76%-100%
 dig                    5   matter        98%  76%-100%

Skills:
 Fighting Skills
   bare handed combat [Unskilled]
   riding             [Unskilled]
 Weapon Skills
   dagger             [Unskilled]
   knife              [Unskilled]
   axe                [Unskilled]
   short sword        [Unskilled]
   club               [Unskilled]
   mace               [Unskilled]
   quarterstaff       [Skilled]
   polearms           [Unskilled]
   spear              [Unskilled]
   trident            [Unskilled]
   sling              [Unskilled]
   dart               [Unskilled]
   shuriken           [Unskilled]
 Spellcasting Skills
   attack spells      [Basic]
   healing spells     [Unskilled]
   divination spells  [Unskilled]
   enchantment spells [Basic]
   clerical spells    [Unskilled]
   escape spells      [Unskilled]
   matter spells      [Unskilled]

Voluntary challenges:
 Character rerolling was not enabled.
 You were an atheist.
 You never genocided any monsters.
 You never polymorphed an object.
 You never changed form.
 You used 1 wish.
 You did not wish for any artifacts.
 You did not violate any of the special Sokoban rules.
Achievements:
 You entered a shop.
 You entered the Gnomish Mines.
 You attained the rank of Conjurer.
 You entered Sokoban.
 You attained the rank of Thaumaturge.

 The Dungeons of Doom: levels 1 to 9
    Level 1:
       A sink.
    Level 2:
    Level 3:
       A general store, a grave.
    Level 4:
       Stairs down to The Gnomish Mines.
    Level 5:
       A grave.
       Final resting place for
          RoxSox-Cav-Hum-Fem-Law, killed by a rock piercer.
    Level 6:
    Level 7:
       A fountain, many trees.
       Stairs up to Sokoban, level 6.
    Level 8:
    Level 9: <- You were here.
       Final resting place for
          you, killed by a mumak,
          bwv-Wiz-Hum-Mal-Neu, killed by an ettin mummy.
 The Gnomish Mines:
    Level 5:
 Sokoban:
    Level 6:
       Unsolved.


Vanquished creatures:
  a ghost
 an ettin mummy
  2 giant beetles
  a quivering blob
  a leprechaun
 an owlbear
  2 dogs
  a gnome mummy
  a snake
  a human zombie
  a bugbear
 10 wood nymphs
  3 Mordor orcs
  2 orc shamans
  a rock piercer
  a pony
  4 yellow lights
  a gnome leader
  a straw golem
  3 giant ants
  a kitten
  a dwarf
  a kobold leader
  a centipede
  a giant bat
 an orc zombie
  a coyote
  5 manes
  a hobgoblin
  2 giant rats
  2 yellow molds
  2 geckos
  2 jackals
  a fox
  a kobold
  a goblin
  a sewer rat
  4 grid bugs
  3 lichens
  a kobold zombie
  3 newts
75 creatures vanquished.

No species were genocided or became extinct.

Game over:
                       ----------
                      /          \
                     /    REST    \
                    /      IN      \
                   /     PEACE      \
                  /                  \
                  |   CookieCarter   |
                  |     1327 Au      |
                  |   killed by a    |
                  |      mumak       |
                  |                  |
                  |                  |
                  |       2026       |
                 *|     *  *  *      | *
        _________)/\\_//(\/(/\)/\//\/|_)_______

Goodbye CookieCarter the Wizard...

You died in The Dungeons of Doom on dungeon level 9 with 5167 points,
and 1327 pieces of gold, after 3691 moves.
You were level 7 with a maximum of 43 hit points when you died.

